Map: Battle on the Boardwalk LE

Players

Purge

  • Race: Terran Terran
  • League: Diamond
  • Spawn Location: 1:00

Dark - Winner!

  • Race: Zerg Zerg
  • League: Diamond
  • Spawn Location: 11:00

VOD

Have the link to the VOD?

Description

Time

  • Played on: Nov. 15, 2017, 11:51 a.m.
  • Length: 14:24
Show
View Real Time Build Order
Export as new Build Order

Purge Terran 

Build Orders: Reaper Expand, Mech 

Get SALT Encoding   

  12  0:01  SCV  
  13  0:13  SCV  
  14  0:17  Supply Depot  
  14  0:25  SCV  
  15  0:39  SCV  
  15  0:41  Barracks  
  16  0:47  Refinery  
  16  0:51  SCV  
  17  1:03  SCV  
  18  1:10  Refinery  
  18  1:15  SCV  
  19  1:28  Orbital Command  
  19  1:36  Reaper  
  20  1:50  Command Center  
  20  1:55  SCV  
  21  2:08  Factory  
  21  2:15  SCV  
  22  2:18  Barracks Reactor  
  22  2:23  Supply Depot  
  22  2:28  SCV  
  23  2:45  SCV  
  24  3:02  Factory, Barracks Reactor  
  24  3:06  Orbital Command  
  24  3:07  Hellion x2  
  24  3:08  Supply Depot  
  24  3:11  SCV  
  29  3:25  SCV  
  30  3:28  Cyclone  
  30  3:30  Cyclone  
  30  3:33  SCV  
  37  3:50  Armory  
  37  3:53  Hellion x2  
  41  4:04  Hellion x2  
  45  4:14  Hellion  
  45  4:15  Hellion  
  48  4:22  SCV x2  
  50  4:25  Hellion  
  52  4:36  Supply Depot, Hellion x4  
  51  5:03  Barracks Tech Lab  
  51  5:05  Factory  
  51  5:06  Cyclone  
  54  5:07  SCV, Cyclone  
  54  5:08  SCV  
  54  5:11  Supply Depot  
  54  5:12  Factory Tech Lab  
  58  5:39  Supply Depot x2  
  58  5:40  Supply Depot  
  58  5:42  Supply Depot  
  58  6:00  SCV x2  
  58  6:03  Supply Depot  
  60  6:04  Supply Depot  
  60  6:09  Refinery  
  60  6:11  Refinery  
  60  6:13  SCV x2  
  60  6:16  Command Center, Terran Vehicle Weapons Level 1  
  62  6:22  Siege Tank  
  62  6:23  Hellion x2, Siege Tank  
  62  6:25  SCV  
  73  6:33  SCV  
  73  6:37  SCV  
  75  6:45  SCV  
  76  6:49  Factory  
  76  6:50  Barracks Tech Lab  
  76  6:53  SCV  
  77  6:57  SCV  
  77  6:58  Siege Tank  
  77  6:59  Siege Tank  
  77  7:00  Hellion  
  77  7:01  Hellion  
  88  7:02  Infernal Pre-Igniter  
  88  7:05  SCV  
  89  7:26  Hellion x2  
  93  7:30  Siege Tank  
  93  7:31  Siege Tank  
  99  7:47  Supply Depot  
  99  7:52  Thor  
  99  7:54  Hellion x2  
  99  7:55  Orbital Command  
  109  8:10  SCV  
  109  8:11  SCV  
  111  8:23  SCV x2  
  111  8:45  SCV  
  111  8:46  Command Center  
  110  9:07  SCV  
  109  9:19  SCV  
  109  9:23  Supply Depot x3  
  110  9:44  Thor x2, Hellion  
  110  9:45  Hellion, Siege Tank  
  129  10:02  Supply Depot  
  129  10:04  Supply Depot  
  129  10:15  Hellion x2  
  129  10:17  Siege Tank  
  136  10:22  Factory  
  136  10:24  Factory  
  136  10:27  Siege Tank x2  
  142  10:29  Supply Depot  
  142  10:35  Orbital Command  
  142  10:37  SCV x2  
  144  10:49  SCV, Siege Tank  
  149  10:50  SCV  
  149  11:01  SCV  
  149  11:03  Siege Tank  
  153  11:05  Hellion x2  
  153  11:06  Terran Vehicle Weapons Level 2  
  153  11:09  Smart Servos  
  148  11:27  Factory Tech Lab  
  148  11:28  Factory Tech Lab  
  148  11:30  Siege Tank  
  148  11:31  Siege Tank  
  148  11:32  Hellion x2  
  158  11:36  Siege Tank  
  161  11:43  SCV x3  
  164  11:49  Refinery x2  
  164  11:55  SCV x3  
  167  12:08  Siege Tank  
  170  12:09  Siege Tank  
  173  12:18  Supply Depot  
  173  12:19  Supply Depot  
  173  12:21  Supply Depot x2  
  173  12:34  Command Center  
  173  12:35  Supply Depot  
  173  12:40  Siege Tank  
  173  12:41  Thor  
  182  12:44  Siege Tank  
  182  12:45  Siege Tank  
  168  13:08  Siege Tank  
  168  13:12  Siege Tank  
  174  13:14  Hellion x2  
  174  13:17  Siege Tank x2  
  184  13:23  Thor  
  190  13:41  SCV x2  
  190  13:42  SCV  
  190  13:43  Hellion x2  
  197  13:54  SCV  
Show
View Real Time Build Order
Export as new Build Order

Dark Zerg - Winner!

Build Orders: Hatch First 

Get SALT Encoding   

  12  0:00  Drone  
  13  0:08  Drone  
  14  0:16  Overlord  
  14  0:22  Extractor, Drone  
  15  0:35  Drone x2  
  17  0:53  Hatchery  
  17  0:55  Drone  
  17  0:59  Drone  
  18  1:09  Extractor  
  17  1:13  Spawning Pool  
  17  1:17  Drone  
  17  1:20  Drone  
  18  1:28  Drone  
  19  1:37  Overlord  
  19  2:00  Queen, Zergling x4  
  23  2:04  Queen  
  23  2:05  Zergling x2  
  26  2:10  Metabolic Boost  
  26  2:13  Drone  
  27  2:19  Drone  
  27  2:21  Drone  
  29  2:26  Drone  
  30  2:32  Drone  
  30  2:35  Queen  
  33  2:38  Overlord  
  33  2:47  Pneumatized Carapace  
  33  2:52  Drone x3  
  36  2:58  Drone  
  36  3:03  Drone  
  38  3:09  Drone x4  
  42  3:13  Overlord  
  42  3:14  Drone  
  42  3:17  Drone  
  44  3:34  Drone x2, Hatchery  
  45  3:40  Drone, Roach Warren  
  45  3:44  Drone x3  
  48  3:48  Drone  
  48  3:49  Drone  
  48  3:52  Extractor  
  48  3:55  Evolution Chamber, Overlord  
  48  3:59  Drone x2  
  50  4:09  Spine Crawler  
  49  4:12  Overlord x2  
  49  4:21  Zerg Ground Armor Level 1  
  49  4:26  Roach x2  
  49  4:27  Roach x3  
  59  4:33  Roach x2  
  59  4:36  Extractor  
  59  4:37  Drone x3  
  63  4:46  Roach  
  63  4:51  Roach  
  63  4:52  Roach x2  
  71  5:00  Drone x2  
  71  5:01  Drone x4  
  77  5:09  Drone x2  
  77  5:12  Lair  
  79  5:15  Zergling x4  
  81  5:22  Ravager  
  81  5:23  Overlord x3  
  81  5:40  Evolution Chamber, Overlord x2  
  81  5:41  Queen  
  82  5:43  Drone x8  
  82  5:46  Drone  
  82  5:47  Drone  
  92  5:55  Drone  
  93  6:01  Extractor  
  93  6:02  Roach x2  
  93  6:03  Ravager x2  
  93  6:04  Ravager x2  
  100  6:05  Overlord  
  100  6:10  Roach x2  
  100  6:11  Roach  
  106  6:19  Extractor, Drone x5, Hatchery  
  106  6:20  Extractor, Drone  
  106  6:23  Zerg Missile Weapons Level 1  
  109  6:31  Roach x3  
  115  6:38  Queen  
  115  6:39  Overlord x2, Drone  
  118  6:40  Overlord  
  118  6:45  Drone x3  
  121  6:48  Drone  
  122  6:54  Zerg Ground Armor Level 2, Hatchery  
  122  6:57  Ravager  
  122  7:00  Roach x2  
  122  7:01  Roach  
  128  7:04  Glial Reconstitution  
  128  7:10  Roach x3  
  128  7:14  Overlord x2  
  134  7:17  Ravager  
  135  7:28  Hydralisk Den, Drone  
  135  7:29  Drone x2  
  138  7:30  Infestation Pit, Drone x8  
  138  7:34  Ravager  
  145  7:40  Roach x4  
  153  7:45  Roach x3  
  153  7:46  Roach  
  161  7:59  Muscular Augments  
  161  8:00  Hydralisk  
  161  8:01  Hydralisk x2  
  167  8:07  Overlord x2  
  167  8:12  Extractor, Hive  
  166  8:13  Extractor  
  166  8:18  Hydralisk x2  
  169  8:23  Hydralisk x2  
  170  8:30  Hydralisk x2  
  174  8:34  Hydralisk  
  173  8:42  Hydralisk  
  175  8:51  Overlord x2  
  175  8:53  Overseer  
  175  8:58  Hydralisk x2  
  175  8:59  Hydralisk x5  
  182  9:07  Hydralisk x2  
  182  9:08  Hydralisk  
  184  9:23  Viper  
  175  9:24  Viper  
  178  9:31  Spine Crawler x2  
  178  9:32  Drone x5  
  178  9:34  Roach x5  
  178  9:35  Roach x3  
  178  9:36  Spine Crawler  
  178  9:37  Spine Crawler  
  195  9:43  Viper  
  198  9:47  Hatchery  
  198  9:49  Roach  
  199  9:53  Drone  
  199  9:55  Spine Crawler  
  199  10:00  Zerg Missile Weapons Level 2  
  199  10:05  Zerg Ground Armor Level 3  
  199  10:08  Drone  
  200  10:21  Spire  
  200  10:22  Overlord  
  199  10:36  Drone  
  200  10:46  Overseer  
  200  10:47  Overseer  
  200  10:54  Spine Crawler x3  
  200  10:56  Spine Crawler  
  200  10:57  Spine Crawler x2, Drone x4  
  197  10:58  Extractor x2, Drone x4  
  192  11:20  Viper  
  192  11:21  Viper  
  198  11:39  Zerg Flyer Weapons Level 1  
  198  11:42  Spire  
  197  11:59  Overseer  
  197  12:11  Hatchery  
  196  12:30  Zerg Melee Weapons Level 1  
  196  12:49  Drone x3  
  197  13:00  Overseer  
  160  13:17  Mutalisk  
  160  13:18  Mutalisk x19  
Tags
 
Add a new tag
Caveats
  • Supply blocks, unpowered buildings, or Contaminate may cause inaccurate times.
  • Supply counts are checked every 10 seconds.